Map: Disco Bloodbath LE

Players

TurkeyDano

  • Race: Protoss Protoss
  • League: Grandmaster
  • Spawn Location: 3:00

printf - Winner!

  • Race: Protoss Protoss
  • League: Grandmaster
  • Spawn Location: 9:00

VOD

Have the link to the VOD?

Description

Time

  • Played on: Oct. 20, 2019, 3:54 p.m.
  • Length: 2:48
Show
View Real Time Build Order
Export as new Build Order

TurkeyDano Protoss 

Build Orders:  

Get SALT Encoding   

  12  0:00  Probe  
  13  0:13  Probe  
  14  0:17  Pylon  
  14  0:25  Probe (Chrono Boost)  
  16  0:37  Probe (Chrono Boost)  
  16  0:38  Forge  
  16  0:42  Probe (Chrono Boost)  
  17  0:55  Gateway  
  17  1:00  Pylon  
  17  1:17  Photon Cannon  
  16  1:35  Photon Cannon  
  15  2:03  Photon Cannon  
  14  2:13  Photon Cannon  
  14  2:28  Photon Cannon  
  14  2:40  Photon Cannon  
  14  2:41  Pylon  
Show
View Real Time Build Order
Export as new Build Order

printf Protoss - Winner!

Build Orders: Cannon Rush 

Get SALT Encoding   

  12  0:00  Probe (Chrono Boost)  
  13  0:12  Probe (Chrono Boost)  
  14  0:18  Pylon  
  14  0:20  Probe  
  15  0:36  Probe  
  15  0:37  Forge  
  16  0:48  Probe  
  17  1:02  Pylon  
  17  1:13  Pylon  
  17  1:14  Pylon  
  17  1:15  Pylon  
  17  1:24  Photon Cannon  
  17  1:31  Gateway  
  17  1:34  Photon Cannon  
  17  1:44  Photon Cannon  
  17  1:48  Photon Cannon  
  17  1:51  Photon Cannon  
  17  2:01  Photon Cannon  
  17  2:08  Photon Cannon  
  17  2:14  Photon Cannon  
  17  2:26  Photon Cannon  
  17  2:36  Photon Cannon  
Tags
 
Add a new tag
Caveats
  • Supply blocks, unpowered buildings, or Contaminate may cause inaccurate times.
  • Supply counts are checked every 10 seconds.